 Dungeon Crawl Stone Soup version 0.30-a0-924-g0ad0bf95bc (webtiles) character file.

Game seed: 18024286009157667036

1223 Pimp the Chopper (level 8, 0/51 (68) HPs)
             Began as a Hill Orc Reaver on Mar 22, 2023.
             Slain by a gnoll
             ... wielding a +0 spear
             ... led by a gnoll sergeant
              (2 damage)
             ... on level 6 of the Dungeon.
             The game lasted 00:16:45 (5428 turns).

Pimp the Chopper (Hill Orc Reaver)                  Turns: 5428, Time: 00:16:45

HP:   0/51 (68)     AC:  7    Str: 15    XL:     8   Next: 47%
MP:   12/12         EV: 11    Int: 21    God:
Gold: 336           SH:  3    Dex:  9    Spells: 8/13 levels left

rFire   + . .      SeeInvis .    a - +0 hand axe
rCold   + . .      Faith    .    u - +0 buckler
rNeg    . . .      Spirit   .    b - +0 leather armour
rPois   .          Reflect  .    (helmet restricted)
rElec   .          Rampage  .    j - +2 cloak of the Learner {Int+6}
rCorr   .                        (no gloves)
Will    .....                    x - +0 pair of boots
Stlth   +                        p - amulet of the acrobat
HPRegen 0.28/turn                m - ring of protection from fire
MPRegen 0.13/turn                o - ring of protection from cold

@: brilliant, very heavily drained
A: horns 1
a: no special abilities


You were on level 6 of the Dungeon.
You visited 1 branch of the dungeon, and saw 6 of its levels.

You collected 336 gold pieces.

Inventory:

Hand Weapons
 a - a +0 hand axe (weapon)
Missiles
 t - 6 datura-tipped darts
Armour
 b - a +0 leather armour (worn)
 j - the +2 cloak of the Learner (worn) {Int+6}
   (You found it on level 2 of the Dungeon)

   Int:       It affects your intelligence (+6).
 u - a +0 buckler (worn)
 x - a +0 pair of boots (worn)
Jewellery
 m - a ring of protection from fire (left hand)
 o - a ring of protection from cold (right hand)
 p - an amulet of the acrobat (around neck)
 q - a ring of positive energy
 s - a ring of ice
Scrolls
 c - a scroll of amnesia
 e - 5 scrolls of identify
 f - a scroll of silence
 h - a scroll of magic mapping
 i - 3 scrolls of teleportation
Potions
 d - a potion of curing
 g - a potion of mutation
 l - a potion of magic
 n - a potion of lignification
 w - a potion of cancellation {unknown}


   Skills:
 + Level 5.3 Fighting
 + Level 6.5 Axes
 + Level 3.6 Armour
 + Level 3.6 Dodging
 + Level 1.0 Shields
 + Level 3.3 Spellcasting
 + Level 5.0 Conjurations
 * Level 1.6 Fire Magic


You had 8 spell levels left.
You knew the following spells:

 Your Spells              Type           Power      Damage    Failure   Level
a - Kiss of Death         Conj/Necr      84%        2d11      8%          1
b - Flame Wave            Conj/Fire      26%        2d8       50%         4

Your spell library contained the following spells:

 Spells                   Type           Power      Damage    Failure   Level
 Momentum Strike          Conj/Tloc      42%        3d9       12%         2
 Summon Small Mammal      Summ           20%        N/A       22%         1
 Hailstorm                Conj/Ice       21%        3d6       22%         3
 Inner Flame              Hex/Fire       10%        N/A       43%         3
 Sticky Flame             Conj/Fire      26%        2d5       50%         4
 Call Canine Familiar     Summ           5%         N/A       54%         3
 Summon Guardian Golem    Hex/Summ       5%         N/A       54%         3
 Ice Form                 Ice/Tmut       5%         N/A       91%         4
 Simulacrum               Ice/Necr       2%         N/A       100%        6


Dungeon Overview and Level Annotations

Branches:
Dungeon (6/15)
 Temple: D:4-7

Altars:
Cheibriados
Makhleb

Shops:
D:1 !   D:5 :


Innate Abilities, Weirdness & Mutations

You have a pair of small horns on your head.


Message History

The scorpion closely misses you. The iguana bites you!
The gnoll barely misses you.
The scorpion stings you but does no damage.
You barely miss the scorpion. You hit the gnoll but do no damage.
You hit the iguana. The iguana bites you!
* * * LOW HITPOINT WARNING * * *
The gnoll hits you but does no damage. The scorpion barely misses you.
The gnoll attacks as you move away! The gnoll closely misses you.
You block the iguana's attack. The gnoll barely misses you.
Unknown command.
The scorpion attacks as you move away! The scorpion misses you.
The scorpion completely misses you. The iguana attacks as you move away!
The iguana bites you.
* * * LOW HITPOINT WARNING * * *
The scorpion attacks as you move away! The scorpion misses you.
The iguana hisses menacingly.
The iguana attacks as you move away! The iguana bites you.
* * * LOW HITPOINT WARNING * * *
The iguana attacks as you move away! The iguana completely misses you.
You feel much better. The iguana bites you.
You barely miss the iguana.
The iguana is heavily wounded.
The iguana bites you.
* * * LOW HITPOINT WARNING * * *
You block the gnoll's attack.
You hit the iguana.
The iguana is severely wounded.
The iguana bites you but does no damage.
The gnoll closely misses you.
You completely miss the iguana. You headbutt the iguana.
The iguana is almost dead.
The iguana bites you!
* * * LOW HITPOINT WARNING * * *
The gnoll hits you from afar with a +0 spear.
* * * LOW HITPOINT WARNING * * *
The iguana closely misses you.
It was a potion of brilliance.
You feel clever all of a sudden.
The gnoll hits you from afar with a +0 spear.
You die...

...... .....
................
................
.........$.......##
................#.
...............#.#
..............##@#
.............##l##
............##gs#
............##.##
...............#
..............##
..###.........#
.....#####....##
..... ##)...###


You could see a scorpion, an iguana and a gnoll.

Vanquished Creatures
  Grinder (D:4)
  2 ice beasts
  An ogre (D:4)
  A kobold brigand (D:5)
  A gnoll sergeant (D:6)
  4 scorpions
  4 hounds
  A gnoll bouda (D:5)
  8 adders
  7 gnolls
  2 white imps
  3 worms
  A dart slug (D:3)
  An orc (D:4)
  6 ball pythons
  7 bats
  10 endoplasms
  6 goblins
  2 hobgoblins
  9 jackals
  20 kobolds
  4 quokkas
  3 frilled lizards
  5 rats
109 creatures vanquished.

Notes
Turn   | Place    | Note
-------+----------+-------------------------------------------
     0 | D:1      | Pimp the Hill Orc Reaver began the quest for the Orb.
     0 | D:1      | Reached XP level 1. HP: 18/18 MP: 3/3
   113 | D:1      | Reached XP level 2. HP: 21/25 MP: 4/4
   237 | D:1      | Gained mutation: You have a pair of small horns on your
                  | head. [potion of mutation]
   423 | D:1      | Reached XP level 3. HP: 23/30 MP: 5/5
   563 | D:1      | Found Pozox's Distillery.
  1026 | D:2      | Reached XP level 4. HP: 38/38 MP: 7/7
  1154 | D:2      | Found a faded altar of an unknown god.
  1216 | D:2      | Identified the +2 cloak of the Learner {Int+6}
  1935 | D:3      | Found a snail-covered altar of Cheibriados.
  2528 | D:4      | Found a burning altar of Makhleb.
  2574 | D:4      | Reached skill level 1 in Armour
  2574 | D:4      | Reached XP level 5. HP: 43/45 MP: 8/8
  2586 | D:4      | Noticed Grinder
  2594 | D:4      | Paralysed by Grinder for 4 turns
  2602 | D:4      | Killed Grinder
  2603 | D:4      | Reached skill level 5 in Axes
  2603 | D:4      | Reached XP level 6. HP: 52/52 MP: 9/9
  2732 | D:4      | Reached XP level 7. HP: 44/58 MP: 10/10
  3745 | D:5      | Entered Level 5 of the Dungeon
  3955 | D:5      | Reached skill level 6 in Axes
  4296 | D:5      | Found Kakleefi's Tremendous Tomes.
  4336 | D:5      | Reached XP level 8. HP: 65/67 MP: 12/12
  4492 | D:5      | Reached skill level 5 in Fighting
  4552 | D:5      | Learned a level 4 spell: Flame Wave
  5219 | D:6      | Reached skill level 1 in Fire Magic
  5221 | D:6      | Reached skill level 1 in Shields
  5221 | D:6      | Reached skill level 5 in Conjurations
  5427 | D:6      | HP: 2/51 [gnoll/+0 spear[a gnoll sergeant] (1)]
  5428 | D:6      | Slain by a gnoll

Illustrated notes

Levels and vault maps discovered:
D:1:      lightli_arrival_isolated_outpost, layout_basic, serial_shops,
          nicolae_shop_hallway_plus, nicolae_wormholes
D:2:      layout_basic, ebering_ecumenical_altar_mist, minivault_23,
          kennysheep_cross_bottleneck
D:3:      layout_rooms, lemuel_tele_altar, minmay_goblin_kobold_house
D:4:      layout_basic, mainiacjoe_overflow_24_doors, dreamdust_wishing_well,
          hex_intersection, minmay_diced_spiral, uniq_grinder
D:5:      layout_basic, nicolae_shop_i_like_big_books
D:6:      minmay_bubble_buster, layout_cave_pods, nicolae_ru_path_of_blood,
          serial_rivers, chequers_serial_rivers_micro_b,
          chequers_serial_rivers_marsh, chequers_serial_rivers_small_b,
          chequers_serial_rivers_large_a, chequers_serial_rivers_micro_d,
          ebering_ghost_sewer_f

Skill      XL: |  1  2  3  4  5  6  7  8 |
---------------+-------------------------+-----
Fighting       | 3 4 5 |  5.3
Dodging        | 2 3 |  3.6
Spellcasting   | 2 3 |  3.3
Armour         | 1 2 3 |  3.6
Axes           | 5 6 |  6.5
Conjurations   | 4 5 |  5.0
Fire Magic     | 1 |  1.6
Shields        | 1 |  1.0

Action                     |  1- 3 |  4- 6 |  7- 9 || total
---------------------------+-------+-------+-------++-------
  Melee: Hand axe          |   133 |   152 |   219 ||   504
         Headbutt          |    13 |    18 |    41 ||    72
         Punch             |       |     1 |     1 ||     2
   Cast: Kiss of Death     |       |     1 |     4 ||     5
  Evoke: Wand              |       |     5 |    10 ||    15
    Use: Potion            |     3 |     1 |     4 ||     8
         Scroll            |       |     9 |     1 ||    10
 Armour: Leather armour    |    40 |    66 |    62 ||   168
         Skin              |       |     4 |       ||     4
  Dodge: Dodged            |    83 |    98 |   170 ||   351
  Block: Buckler           |       |       |    25 ||    25

Table legend: (Time is in decaauts)
 A = Elapsed time spent in this place.
 B = Non-inter-level travel time spent in this place.
 C = Inter-level travel time spent in this place.
 D = Time resting spent in this place.
 E = Time spent auto-exploring this place.
 F = Levels seen in this place.
 G = Mean time per level.
                   A        B        C        D        E       F      G
               +--------+--------+--------+--------+--------+-----+--------+
         Total |   5468 |   5300 |    168 |   1329 |   2794 |   6 |  911.3 |
       Dungeon |   5468 |   5300 |    168 |   1329 |   2794 |   6 |  911.3 |
               +--------+--------+--------+--------+--------+-----+--------+

Top non-repeatable levels by time:
     D:5: 1359 daAuts
     D:4: 1253 daAuts
     D:2: 1160 daAuts
     D:3: 743 daAuts
     D:1: 621 daAuts
     D:6: 329 daAuts
